 Dungeon Crawl Stone Soup version 0.23.2-40-g277498a001 (webtiles) character file.

Game seed: 7869912757461193326

4064 MalarOregon the Nimble (level 10, 0/80 HPs)
             Began as a Merfolk Gladiator on Aug 13, 2019.
             Was an Initiate of Gozag.
             Slain by an orc warrior
             ... wielding a +2 long sword of flaming
              (20 damage)
             ... on level 7 of the Dungeon.
             The game lasted 00:21:32 (8926 turns).

MalarOregon the Nimble (Merfolk Gladiator)          Turns: 8926, Time: 00:21:33

Health: 0/80       AC: 13    Str: 20    XL:     10   Next: 25%
Magic:  12/12      EV: 13    Int:  8    God:    Gozag
Gold:   258        SH:  5    Dex: 16    Spells: 5/11 levels left

rFire    . . .     SeeInvis .   b - +2 dagger (venom)
rCold    . . .     Gourm    .   n - +0 buckler
rNeg     . . .     Faith    .   A - +1 chain mail "Neumur" {rPois Str+3}
rPois    +         Spirit   .   m - +2 helmet
rElec    .         Reflect  .   (no cloak)
rCorr    .         Harm     .   F - +0 pair of gloves
MR       .....                  (no boots)
Stlth    ..........             (no amulet)
HPRegen  0.23/turn              D - ring of wizardry
MPRegen  0.13/turn              s - ring of wizardry

@: about to teleport, gold aura
A: change form in water, swift swim, stealthy swim
a: Potion Petition, Call Merchant, Bribe Branch, Renounce Religion


You were on level 7 of the Dungeon.
You worshipped Gozag.
Gozag was aware of your devotion.
You were hungry.

You visited 2 branches of the dungeon, and saw 9 of its levels.

You collected 400 gold pieces.
You paid 142 gold pieces to Gozag.

Inventory:

Hand Weapons
 a - a +1 long sword
 b - a +2 dagger of venom (weapon)
   (You took it off an orc wizard on level 7 of the Dungeon)
 y - the +6 hunting sling of Ravage {venom, MR- Str+3 Int+4, unknown}
   (You found it on level 8 of the Dungeon)

   It poisons the ammo it fires.
   It affects your strength (+3).
   It affects your intelligence (+4).
   It affects your resistance to hostile enchantments.
Missiles
 d - 3 throwing nets {!f}
 q - 365 stones (quivered)
Armour
 m - a +2 helmet (worn)
   (You found it on level 2 of the Dungeon)
 n - a +0 buckler (worn)
   (You found it on level 1 of the Dungeon)
 A - the +1 chain mail "Neumur" (worn) {rPois Str+3}
   (You found it on level 7 of the Dungeon)

   It affects your strength (+3).
   It protects you from poison.
 E - a +2 plate armour of poison resistance
   (You took it off an orc warrior on level 7 of the Dungeon)
 F - a +0 pair of gloves (worn)
   (You found it on level 8 of the Dungeon)
Jewellery
 l - an uncursed ring of magical power
   (You found it on level 1 of the Dungeon)
 s - a ring of wizardry (right hand)
   (You found it on level 4 of the Dungeon)
 t - a +3 ring of intelligence
   (You found it on level 4 of the Dungeon)
 D - a ring of wizardry (left hand)
   (You found it on level 8 of the Dungeon)
Wands
 u - a wand of paralysis (7)
   (You found it on level 7 of the Dungeon)
 v - a wand of digging (4)
   (You found it on level 4 of the Dungeon)
Scrolls
 c - 7 scrolls of identify {@r1}
 h - a scroll of enchant armour
 j - 2 scrolls of magic mapping
 r - 2 scrolls of remove curse {@r2}
Potions
 f - 2 potions of might
 g - 4 potions of heal wounds {@q2}
 i - a potion of brilliance
 k - 4 potions of haste {@q3}
 o - 6 potions of curing {@q1}
 p - 2 potions of agility
 w - a potion of lignification {!q}
 x - a potion of flight
 B - a potion of ambrosia
Comestibles
 e - 10 rations {!d}


   Skills:
 + Level 8.1 Fighting
 + Level 3.5(6.9) Short Blades
 + Level 8.5(8.8) Long Blades
 - Level 2.0 Throwing
 + Level 0.4 Armour
 - Level 10.0 Dodging
 + Level 3.5 Stealth
 - Level 4.1 Shields
 + Level 1.4 Spellcasting
 + Level 1.3 Hexes
 - Level 1.0 Air Magic
 + Level 3.0 Poison Magic


You had 5 spell levels left.
You knew the following spells:

 Your Spells              Type           Power        Failure   Level  Hunger
a - Confusing Touch       Hex            #.....       54%         1    ##.....
f - Mephitic Cloud        Conj/Pois/Air  #.......     86%         3    ####...
x - Poisonous Vapours     Pois/Air       #.....       58%         2    ###....

Your spell library contained the following spells:

 Spells                   Type           Power        Failure   Level  Hunger
 Sting                    Conj/Pois      #...         50%         1    ##.....
 Animate Skeleton         Necr           N/A          71%         1    ##.....
 Apportation              Tloc           #.....       71%         1    ##.....
 Summon Small Mammal      Summ           #...         71%         1    ##.....
 Olgreb's Toxic Radiance  Pois           #.......     95%         4    #####..
 Venom Bolt               Conj/Pois      #.........   100%        5    ######.


Dungeon Overview and Level Annotations

Branches:
Dungeon (8/15)             Temple (1/1) D:5
   Lair: D:8-11

Altars:
Ashenzari
Cheibriados
Dithmenos
Elyvilon
Fedhas
Gozag
Hepliaklqana
Kikubaaqudgha
Makhleb
Nemelex Xobeh
Okawaru
Qazlal
Ru
Sif Muna
Trog
Uskayaw
Vehumet
Wu Jian
Xom
Yredelemnul
Zin
The Shining One

Shops:
D:8 (

Annotations:
D:3 1 runed translucent door, Crazy Yiuf
D:5 2 transporters
D:6 1 runed translucent door, harness's ghost, novice SpEn


Message History

A killer bee comes into view.
The killer bee stings you. The orc warrior misses you.
You hit the killer bee.
The killer bee is poisoned.
The killer bee barely misses you.
You barely miss the killer bee. The killer bee closely misses you.
You block the orc warrior's attack.
You closely miss the killer bee. You block the killer bee's attack.
The killer bee closely misses you.
You miss the killer bee. The killer bee misses you.
The orc warrior closely misses you.
The killer bee stings you but does no damage.
You hit the killer bee but do no damage.
The killer bee is poisoned.
The killer bee completely misses you. The killer bee barely misses you.
You miss the killer bee. The killer bee closely misses you.
You block the killer bee's attack.
The orc warrior hits you with a +2 long sword of flaming.
The orc warrior burns you.
The killer bee stings you but does no damage.
You closely miss the killer bee.
You kill the killer bee!
The killer bee misses you. You block the killer bee's attack.
You miss the killer bee. You block the killer bee's attack.
You barely miss the killer bee. The killer bee closely misses you.
The killer bee stings you but does no damage.
The orc warrior hits you but does no damage.
You closely miss the killer bee. You block the killer bee's attack.
The killer bee stings you but does no damage.
The killer bee becomes distracted by the nearby gold, dreaming of imaginary riches.
The killer bee stings you.
The killer bee buzzes angrily.
You hear a shout!
You hear an angry buzzing noise.
The killer bee becomes distracted by the nearby gold, dreaming of imaginary riches.
The orc warrior hits you with a +2 long sword of flaming!
The orc warrior burns you.
* * * LOW HITPOINT WARNING * * *
The killer bee buzzes angrily.
You see here 2 tomahawks.
The killer bee is no longer distracted by gold. x2
The killer bee stings you but does no damage.
You barely miss the killer bee.
The killer bee looks more healthy.
The orc warrior hits you with a +2 long sword of flaming!
* * * LOW HITPOINT WARNING * * *
The orc warrior burns you.
* * * LOW HITPOINT WARNING * * *
As you read the scroll of teleportation {@r4}, it crumbles to dust.
You feel strangely unstable. The killer bee barely misses you.
The orc warrior hits you with a +2 long sword of flaming!!
You die...
Your body crumbles into a pile of gold.

#...............##.#
#.....#....#######.#
####...)..............#
#......#..#.###########
#.##.#.#..#.# #
#..#......#
#.##.....###########
#.........(...oy$o$#
####.........@yy$#.#
###...########.# #
#.......... ..#
#.#...##### ..# #.##..#
#.## #.##..# .. #.# #<#
## #.# .. #.# ###


You could see an orc warrior, 3 killer bees and an orc.

Vanquished Creatures
  A troll (D:6)
  4 hippogriffs
  Sigmund (D:6)
  A hungry ghost (D:7)
  Menkaure (D:5)
  Edmund (D:6)
  2 phantoms
  2 orc warriors
  5 ogres
  A black bear (D:7)
  A centaur (D:5)
  A big kobold (D:7)
  A bullfrog (D:7)
  A gnoll sergeant (D:8)
  A scorpion (D:8)
  5 killer bees
  A wight (D:6)
  A howler monkey (D:5)
  A crimson imp (D:5)
  A jelly (D:6)
  4 hounds
  2 bullfrog skeletons
  A centaur skeleton (D:6)
  A gnoll shaman (D:6)
  6 orc wizards
  3 iguanas
  7 worker ants
  A hound skeleton (D:7)
  2 worker ant zombies
  6 adders
  17 gnolls
  3 shadow imps
  An ooze (D:2)
  3 worms
  A dart slug (D:3)
  3 leopard geckos
  24 orcs
  10 bats
  5 giant cockroaches
  3 hobgoblins
  7 jackals (D:1)
  8 kobolds
  4 quokkas
  4 frilled lizards
  8 goblins
  A jackal zombie (D:8)
  2 leopard gecko zombies
  4 rats
174 creatures vanquished.

Notes
Turn   | Place    | Note
-------+----------+-------------------------------------------
     0 | D:1      | MalarOregon the Merfolk Gladiator began the quest for the
                  | Orb.
     0 | D:1      | Reached XP level 1. HP: 16/16 MP: 1/1
   148 | D:1      | Reached XP level 2. HP: 17/23 MP: 2/2
   283 | D:1      | Reached XP level 3. HP: 25/28 MP: 3/3
   799 | D:2      | Reached XP level 4. HP: 33/35 MP: 4/4
   857 | D:2      | Reached skill level 1 in Shields
  1183 | D:3      | Noticed an ogre
  1186 | D:3      | Reached skill level 5 in Dodging
  1521 | D:2      | Killed an ogre
  1521 | D:2      | Reached XP level 5. HP: 33/42 MP: 5/5
  1821 | D:3      | Reached XP level 6. HP: 42/48 MP: 6/6
  2369 | D:3      | Found a runed translucent door.
  2370 | D:3      | Noticed Crazy Yiuf
  2860 | D:4      | Reached skill level 5 in Long Blades
  2866 | D:4      | Reached skill level 6 in Dodging
  3061 | D:4      | Noticed a phantom
  3104 | D:4      | Killed a phantom
  3104 | D:4      | Reached XP level 7. HP: 27/55 MP: 7/7
  3757 | D:4      | Reached skill level 5 in Fighting
  4126 | D:4      | Learned a level 1 spell: Confusing Touch
  4151 | D:5      | Entered Level 5 of the Dungeon
  4151 | D:5      | Found a staircase to the Ecumenical Temple.
  4161 | D:5      | Reached skill level 7 in Dodging
  4164 | Temple   | Entered the Ecumenical Temple
  4443 | D:5      | Reached XP level 8. HP: 62/62 MP: 8/8
  4461 | D:5      | Found a hazy altar of Hepliaklqana.
  4461 | D:5      | Noticed a two-headed ogre
  4477 | D:5      | Found a transporter.
  4483 | D:5      | Found a transporter.
  4923 | D:6      | Noticed Menkaure
  5011 | D:6      | Found a runed translucent door.
  5011 | D:6      | Noticed harness's ghost (novice SpEn)
  5231 | D:6      | Noticed a troll
  5638 | D:6      | Reached skill level 8 in Dodging
  5822 | D:6      | HP: 1/64 [troll (6)]
  6256 | D:6      | Killed a troll
  6256 | D:6      | Reached XP level 9. HP: 52/71 MP: 9/9
  6348 | D:6      | Learned a level 2 spell: Poisonous Vapours
  6352 | D:6      | Learned a level 3 spell: Mephitic Cloud
  6363 | D:5      | Killed Menkaure
  6409 | D:6      | Reached skill level 9 in Dodging
  6482 | D:6      | Noticed Edmund
  6513 | D:6      | Killed Edmund
  6550 | D:6      | Noticed Sigmund
  6572 | D:6      | Killed Sigmund
  6814 | D:7      | Got a smoking chain mail
  6826 | D:7      | Identified the +1 chain mail "Neumur" {rPois Str+3} (You
                  | found it on level 7 of the Dungeon)
  6860 | D:7      | Reached skill level 1 in Short Blades
  6867 | D:7      | Reached skill level 1 in Stealth
  6876 | D:7      | Found a deep blue altar of Sif Muna.
  6921 | D:7      | Reached skill level 1 in Hexes
  6921 | D:7      | Reached skill level 1 in Poison Magic
  7283 | D:7      | Reached skill level 1 in Spellcasting
  7283 | D:7      | Reached skill level 1 in Air Magic
  7326 | D:7      | Found a bloodstained altar of Trog.
  7329 | D:7      | Found a sacrificial altar of Ru.
  7377 | D:7      | Found an opulent altar of Gozag.
  7378 | D:7      | Found a radiant altar of Vehumet.
  7422 | D:8      | Got a pitted hunting sling
  7426 | D:8      | Found Liugeg's Antique Weapon Shoppe.
  7751 | D:8      | Reached XP level 10. HP: 75/80 MP: 11/11
  7855 | D:8      | Reached skill level 10 in Dodging
  8485 | D:8      | Found a blossoming altar of Fedhas.
  8668 | D:7      | Became a worshipper of Gozag Ym Sagoz the Greedy
  8926 | D:7      | Slain by an orc warrior

Skill      XL: |  1  2  3  4  5  6  7  8  9 10 |
---------------+-------------------------------+-----
Fighting       | 3 4 5 6 7 8 |  8.1
Long Blades    | 4 5 7 8 |  8.5
Shields        | 1 2 3 4 |  4.1
Dodging        | 5 6 7 8 9 10 | 10.0
Short Blades   | 2 3 |  3.5
Stealth        | 2 3 |  3.5
Hexes          | 1 |  1.3
Poison Magic   | 2 3 |  3.0
Spellcasting   | 1 |  1.4
Air Magic      | 1 |  1.0
Throwing       | |  2.0
Armour         | |  0.4

Action                   |  1- 3 |  4- 6 |  7- 9 | 10-12 || total
-------------------------+-------+-------+-------+-------++-------
Melee: Long sword        |    60 |    13 |    94 |     3 ||   170
       Short sword       |    32 |   133 |   225 |       ||   390
       Dagger            |       |       |    59 |   173 ||   232
Throw: Stone             |       |       |     8 |     6 ||    14
 Cast: Confusing Touch   |       |       |     8 |     1 ||     9
  Use: Scroll            |     6 |     4 |    11 |     1 ||    22
       Potion            |       |     1 |     1 |       ||     2
 Stab: Sleeping          |       |     1 |       |       ||     1
       Confused          |       |       |     3 |     1 ||     4
  Eat: Chunk             |       |     7 |    13 |     3 ||    23
       Ration            |       |       |     2 |       ||     2
Armor: Leather armour    |    35 |    24 |    28 |       ||    87
       Chain mail        |       |       |    53 |    44 ||    97
Dodge: Dodged            |   102 |    85 |   216 |    92 ||   495
Block: Buckler           |     8 |    27 |    90 |    41 ||   166
       Rpst.: Long sword |    19 |       |     8 |       ||    27
